 Dungeon Crawl Stone Soup version 0.15.1-3-g1b33baa (webtiles) character file.

1136 ant87 the Conjurer (level 8, -8/43 HPs)
             Began as a Deep Elf Conjurer on Oct 10, 2014.
             Was an Initiate of Sif Muna.
             Mangled by Menkaure (23 damage)
             ... on Level 5 of the Dungeon.
             The game lasted 00:25:35 (6485 turns).

ant87 the Conjurer (Deep Elf Conjurer)              Turns: 6485, Time: 00:25:35

HP  -8/43        AC  7     Str  5      XL: 8   Next: 14%
MP  25/26        EV 14     Int 23      God: Sif Muna [......]
Gold 279         SH  0     Dex 15      Spells:  3 memorised, 14 levels left

rFire  . . .     SeeInvis .     e - +1 dagger
rCold  . . .     Clarity  .     a - +1 robe
rNeg   . . .     rCorr    .     (no shield)
rPois  .         rRot     .     (no helmet)
rElec  .         Spirit   .     s - +2 cloak
SustAb .         Warding  .     (no gloves)
rMut   .         Stasis   .     g - +0 pair of boots
Gourm  .                        (no amulet)
MR     .....                    (no ring)
                                m - ring of flight

@: not resistant to hostile enchantments, fairly stealthy
A: no striking features
a: Renounce Religion, Evoke Flight


You were on level 5 of the Dungeon.
You worshipped Sif Muna.
Sif Muna was noncommittal.
You were not hungry.

You visited 2 branches of the dungeon, and saw 7 of its levels.

You collected 279 gold pieces.

Inventory:

Hand weapons
 e - a +1 dagger (weapon)
 A - a +2 dagger of speed
Missiles
 r - 20 stones (quivered)
Armour
 a - a +1 robe (worn)
 g - a +0 pair of boots (worn)
 s - a +2 cloak (worn)
Comestibles
 b - 4 bread rations
 i - 2 royal jellies
Scrolls
 j - 4 scrolls of teleportation
 k - 2 scrolls of amnesia
 u - 2 scrolls of magic mapping {unknown}
 v - 6 scrolls of remove curse
 x - a scroll of enchant weapon
 y - 6 scrolls of identify
 C - 2 scrolls of fear {unknown}
Jewellery
 m - a ring of flight (left hand)
Potions
 d - a potion of might
 f - a potion of cure mutation {unknown}
 h - 3 potions of poison {unknown}
 l - 2 potions of haste
 n - a potion of magic {unknown}
 o - a potion of invisibility {unknown}
 p - a potion of heal wounds
 q - a potion of cancellation {unknown}
 t - a potion of degeneration {unknown}
 w - a potion of mutation {unknown}
 z - a potion of restore abilities {unknown}
Books
 c - a book of Conjurations

   Spells                             Type                      Level
   *Magic Dart                        Conjuration                  1
   *Searing Ray                       Conjuration                  2
   Dazzling Spray                     Conjuration/Hexes            3
   Fulminant Prism                    Conjuration/Hexes            4
   *Iskenderun's Mystic Blast         Conjuration                  4
   Iskenderun's Battlesphere          Conjuration/Charms           5


   Skills:
 + Level 1.0 Fighting
 + Level 0.2 Short Blades
 + Level 4.1 Dodging
 + Level 5.4 Stealth
 + Level 7.3 Spellcasting
 * Level 8.3 Conjurations


You had 14 spell levels left.
You knew the following spells:

 Your Spells              Type           Power        Failure   Level  Hunger
a - Magic Dart            Conj           ####         1%          1    None
b - Iskenderun's Mystic   Conj           #####...     2%          4    ###....
c - Searing Ray           Conj           #####.       1%          2    None


Dungeon Overview and Level Annotations

Branches:
Dungeon (6/15)             Temple (1/1) D:5

Altars:
Ashenzari
Cheibriados
Dithmenos
Elyvilon
Fedhas
Kikubaaqudgha
Makhleb
Nemelex Xobeh
Okawaru
Qazlal
Sif Muna
Trog
Vehumet
Xom
Yredelemnul
Zin
The Shining One

Annotations:
D:4 SolBianca's ghost, experienced HuFi
D:5 Menkaure
D:6 Pikel


Message History

The quokka bites you but does no damage.
You climb upwards.
There is a stone staircase leading down here.
Unknown command.
Unknown command.
Unknown command.
Unknown command.
Unknown command.
Unknown command.
Unknown command.
Casting: Magic Dart
Confirm with . or Enter, or press ? or * to list all spells.
Aiming: Magic Dart
Press: ? - help, Shift-Dir - straight line, f - Menkaure
Aim: Menkaure (lightly damaged)
The magic dart hits Menkaure.
Menkaure is moderately damaged.
Menkaure hits you!!
Ouch! That really hurt!
You die...

###### ########
.....#####################......#
>....#.........M@#.......#......#
.....#..........r#.......#......#
.....#...........#.......#......#
.....'...........#.......'......#
.....#....##.....'.......#......#
############.....#..>....#......#
#......#.......#......#
#......#.......#......#
#......#.......###'####


You could see Menkaure and a quokka.

Vanquished Creatures
  Grinder (D:3)
  An ice beast (D:5)
  A phantom (D:5)
  A slave (D:6)
  Sigmund (D:3)
  A scorpion (D:5)
  A hound (D:4)
  An orc priest (D:3)
  A crimson imp (D:5)
  4 orc wizards
  A giant frog skeleton (D:4)
  An iguana (D:4)
  2 worker ants
  An ogre zombie (D:5)
  2 gnolls (D:1)
  A scorpion zombie (D:4)
  A shadow imp (D:5)
  7 adders
  A giant mite (D:1)
  5 worms
  An adder zombie (D:4)
  2 adder skeletons (D:4)
  6 giant geckos
  2 oozes
  13 orcs
  13 bats
  5 giant cockroaches
  15 hobgoblins
  4 quokkas
  4 ball pythons
  4 giant newts
  15 goblins
  A goblin skeleton (D:5)
  9 kobolds
  A quokka skeleton (D:4)
  14 rats
144 creatures vanquished.

Notes
Turn   | Place    | Note
--------------------------------------------------------------
     0 | D:1      | ant87, the Deep Elf Conjurer, began the quest for the Orb.
     0 | D:1      | Reached XP level 1. HP: 10/10 MP: 5/5
   160 | D:1      | Reached XP level 2. HP: 12/15 MP: 1/8
   373 | D:1      | Reached skill level 5 in Conjurations
   533 | D:1      | Reached XP level 3. HP: 19/19 MP: 8/11
  1141 | D:2      | Reached XP level 4. HP: 22/24 MP: 10/13
  1299 | D:2      | Learned a level 4 spell: Iskenderun's Mystic Blast
  2118 | D:3      | Noticed Grinder
  2171 | D:3      | Reached XP level 5. HP: 28/28 MP: 16/18
  2310 | D:3      | Reached skill level 6 in Conjurations
  2700 | D:3      | Noticed Sigmund
  3000 | D:3      | Killed Sigmund
  3000 | D:3      | Reached skill level 5 in Spellcasting
  3000 | D:3      | Reached XP level 6. HP: 18/32 MP: 12/21
  3191 | D:3      | Paralysed by Grinder for 7 turns
  3212 | D:3      | Killed Grinder
  3212 | D:3      | Reached skill level 7 in Conjurations
  3212 | D:3      | Reached XP level 7. HP: 8/37 MP: 3/24
  3922 | D:4      | Noticed SolBianca's ghost (experienced HuFi)
  5145 | D:5      | Entered Level 5 of the Dungeon
  5159 | D:5      | Reached skill level 5 in Stealth
  5410 | D:5      | Found a staircase to the Ecumenical Temple.
  5462 | Temple   | Entered the Ecumenical Temple
  5565 | Temple   | Became a worshipper of Sif Muna the Loreminder
  5794 | D:5      | Reached skill level 1 in Fighting
  5911 | D:5      | Reached skill level 8 in Conjurations
  6191 | D:5      | Reached XP level 8. HP: 43/43 MP: 18/26
  6203 | D:5      | Learned a level 2 spell: Searing Ray
  6444 | D:6      | Noticed Pikel
  6478 | D:6      | Noticed Menkaure
  6485 | D:5      | Mangled by Menkaure

Action                   |  1- 3 |  4- 6 |  7- 9 || total
-------------------------+-------+-------+-------++-------
Melee: Dagger            |    17 |     7 |    31 ||    55
 Cast: Magic Dart        |    54 |   142 |   194 ||   390
       Iskenderun's Myst |       |     4 |     1 ||     5
       Searing Ray       |       |       |     4 ||     4
  Use: Scroll            |       |    10 |     1 ||    11
       Potion            |       |     1 |     1 ||     2
 Stab: Sleeping          |     5 |     3 |     5 ||    13
  Eat: Chunk             |       |     6 |       ||     6
       Fruit             |       |     1 |     1 ||     2
       Meat ration       |       |       |     2 ||     2
       Royal jelly       |       |       |     1 ||     1
